 Dungeon Crawl Stone Soup version 0.29-a0-322-g68df515428 (webtiles) character file.

Game seed: 6683725819360095428

1706 greenreed the Cleaver (level 8, -6/71 HPs)
             Began as a Minotaur Berserker on Apr 8, 2022.
             Was a Believer of Trog.
             Mangled by a yak (9 damage)
             ... on level 8 of the Dungeon.
             The game lasted 00:12:37 (4323 turns).

greenreed the Cleaver (Minotaur Berserker)          Turns: 4323, Time: 00:12:38

Health: -6/71      AC: 10    Str: 24    XL:     8   Next: 73%
Magic:  7/7        EV: 13    Int:  4    God:    Trog [**....]
Gold:   197        SH:  0    Dex:  6    Spells: 7/7 levels left

rFire   + + .      SeeInvis .   q - +10 hand axe of Yredelemnul's Reproof {vorpal, rF++ Dex-4}
rCold   . . .      Faith    .   (no shield)
rNeg    . . .      Spirit   .   s - +0 chain mail
rPois   .          Reflect  .   (helmet restricted)
rElec   .          Harm     .   (no cloak)
rCorr   .          Rampage  .   (no gloves)
Will    .....                   (no boots)
Stlth   ..........              (no amulet)
HPRegen 0.21/turn               v - +4 ring of evasion
MPRegen 0.10/turn               (no ring)

@: on berserk cooldown, slowed, very slow
A: horns 2, retaliatory headbutt
a: Renounce Religion, Berserk, Trog's Hand


You were on level 8 of the Dungeon.
You worshipped Trog.
Trog was pleased with you.
You visited 1 branch of the dungeon, and saw 7 of its levels.

You collected 197 gold pieces.

Inventory:

Hand Weapons
 a - a +0 hand axe
 p - a +0 war axe
 q - the +10 hand axe of Yredelemnul's Reproof (weapon) {vorpal, rF++ Dex-4}
   (You found it on level 3 of the Dungeon)

   It inflicts extra damage upon your enemies.
   Dex:       It affects your dexterity (-4).
   rF:        It greatly protects you from fire.
Missiles
 e - 5 boomerangs (quivered)
 i - 11 poisoned darts
Armour
 b - a +0 animal skin
 n - a +0 leather armour
 s - a +0 chain mail (worn)
Jewellery
 v - a +4 ring of evasion (left hand)
Wands
 j - a wand of polymorph (3)
 x - a wand of charming (5)
 y - a wand of digging (5)
Scrolls
 c - a scroll of teleportation {unknown}
 d - 7 scrolls of identify {unknown}
 k - 2 scrolls of fog {unknown}
 m - 2 scrolls of blinking {unknown}
 o - a scroll of magic mapping {unknown}
 t - a scroll of noise {unknown}
 w - a scroll of immolation {unknown}
Potions
 f - 2 potions of berserk rage
 g - 3 potions of haste {unknown}
 h - 2 potions of curing {unknown}
 l - a potion of degeneration {unknown}
 r - a potion of mutation {unknown}
 u - a potion of ambrosia {unknown}


   Skills:
 + Level 6.8 Fighting
 + Level 10.2 Axes
 + Level 6.4 Armour
 + Level 4.5 Dodging


You had 7 spell levels left.
You didn't know any spells.
Your spell library was empty.

Dungeon Overview and Level Annotations

Branches:
Dungeon (8/15)
 Temple: D:4-7         Lair: D:8-11

Altars:
Cheibriados
Hepliaklqana
Uskayaw
Xom
Zin


Innate Abilities, Weirdness & Mutations

You have a pair of horns on your head.
You reflexively headbutt those who attack you in melee.


Message History

You kill the kobold brigand!
Trog accepts your kill.
You slash the yak! You headbutt the yak.
The yak is heavily wounded.
You feel sick.
You hit the yak. Your headbutt misses the yak.
The yak is severely wounded.
The yak misses you.
You barely miss the yak.
The yak is severely wounded.
You feel sick.
You hit the yak.
The yak is almost dead.
The yak gores you but does no damage.
You completely miss the yak.
The yak is almost dead.
You feel sick.
You are no longer poisoned.
The yak misses you.
You slice the yak!!
You kill the yak!
Trog accepts your kill.
Your Axes skill increases to level 10!
You are no longer berserk.
You are exhausted.
You feel yourself slow down.
You slash the yak!
The yak is moderately wounded.
Your skin stops crawling.
You feel less strong-willed. The yak barely misses you.
You hit the yak.
The yak is moderately wounded.
The yak gores you.
* * * LOW HITPOINT WARNING * * *
It was a potion of berserk rage.
You're still recovering from your berserk rage.
The yak gores you!
* * * LOW HITPOINT WARNING * * *
The yak gores you!
You die...

.. #..#
#.............
. ##Y.##
##.#######...#
##....####.#
#..##
.##..##..##..#
#.###
.............#
#....
..######.##..##
##### # #Y...##
##... #Y####
#.... #@# #....
#.# #..## #.#
#..#_ #.# #..##
..# #.... ###
#.... #####


You could see 2 yaks.

Vanquished Creatures
  4 yaks (D:8)
  A steam dragon (D:8)
  A water moccasin (D:8)
  A sky beast (D:5)
  An orc warrior (D:4)
  A phantom (D:4)
  A kobold brigand (D:8)
  2 bullfrogs (D:8)
  A scorpion (D:3)
  A hound (D:4)
  2 orc priests
  3 orc wizards
  3 gnolls (D:3)
  6 adders
  A shadow imp (D:8)
  2 white imps
  An ufetubus (D:4)
  2 worms (D:4)
  17 orcs
  3 bats
  10 endoplasms
  2 giant cockroaches (D:1)
  3 hobgoblins
  A quokka (D:1)
  4 ball pythons
  A frilled lizard (D:2)
  8 goblins
  13 kobolds
  4 rats
100 creatures vanquished.

Notes
Turn   | Place    | Note
-------+----------+-------------------------------------------
     0 | D:1      | greenreed the Minotaur Berserker began the quest for the
                  | Orb.
     0 | D:1      | Reached XP level 1. HP: 19/19 MP: 0/0
   256 | D:1      | Reached skill level 4 in Axes
   256 | D:1      | Reached XP level 2. HP: 27/27 MP: 1/1
   989 | D:2      | Reached XP level 3. HP: 31/33 MP: 2/2
  1171 | D:2      | Found a shimmering altar of Xom.
  1395 | D:2      | Reached ** piety under Trog
  2084 | D:3      | Reached XP level 4. HP: 41/41 MP: 3/3
  2171 | D:3      | Reached skill level 5 in Axes
  2298 | D:3      | Noticed a scorpion
  2305 | D:3      | Killed a scorpion
  2306 | D:3      | Reached skill level 5 in Fighting
  2306 | D:3      | Reached XP level 5. HP: 48/48 MP: 4/4
  2351 | D:3      | Found a faded altar of an unknown god.
  2465 | D:3      | Identified the +10 hand axe of Yredelemnul's Reproof
                  | {vorpal, rF++ Dex-4}
  2533 | D:3      | Found a hide-covered altar of Uskayaw.
  2752 | D:4      | Reached skill level 6 in Axes
  2913 | D:4      | Found a hazy altar of Hepliaklqana.
  2924 | D:4      | Found a snail-covered altar of Cheibriados.
  2986 | D:4      | Reached XP level 6. HP: 56/56 MP: 5/5
  3344 | D:4      | Noticed an orc warrior
  3358 | D:4      | Killed an orc warrior
  3364 | D:4      | Reached skill level 7 in Axes
  3452 | D:5      | Entered Level 5 of the Dungeon
  3461 | D:5      | Noticed a sky beast
  3471 | D:5      | Killed a sky beast
  3472 | D:5      | Reached XP level 7. HP: 47/62 MP: 6/6
  3570 | D:5      | You fall into a shaft and drop 3 floors!
  3630 | D:8      | Noticed a yak
  3662 | D:8      | Killed a yak
  3663 | D:8      | Reached skill level 8 in Axes
  3707 | D:8      | Noticed a steam dragon
  3720 | D:8      | Killed a steam dragon
  3833 | D:8      | Reached skill level 5 in Armour
  3833 | D:8      | Reached XP level 8. HP: 64/70 MP: 7/7
  4030 | D:8      | Reached skill level 9 in Axes
  4058 | D:8      | Found a glowing silver altar of Zin.
  4320 | D:8      | Reached skill level 10 in Axes
  4323 | D:8      | HP: 3/71 [yak (8)]
  4323 | D:8      | Mangled by a yak

Illustrated notes

Levels and vault maps discovered:
D:1:      saegor_arrival_simple_d, layout_loops_corners,
          amcnicky_mini_pool_small
D:2:      layout_basic, basic_altar, minmay_misc_feat_tiny,
          kennysheep_nondescript
D:3:      layout_basic, nicolae_uskayaw_suspiria,
          hellmonk_ecumenical_altar_heavens_door
D:4:      layout_gridville, minitemple
D:5:      layout_basic, nicolae_ossuary_entry_false_entrances
D:7:      nzn_winding_woodlands_large [nzn_winding_woodlands_5x5_open_star,
          nzn_winding_woodlands_5x15_sidewinder,
          nzn_winding_woodlands_5x5_default,
          nzn_winding_woodlands_center_garden,
          nzn_winding_woodlands_15x15_five_gardens,
          nzn_winding_woodlands_center_lodge, nzn_winding_woodlands_5x5_cross,
          nzn_winding_woodlands_5x15_crooked,
          nzn_winding_woodlands_5x5_default], layout_cave_pods,
          lemuel_doored_altar, nemelex_dance_club_becter, kennysheep_little_box,
          brannock_xom_greatest_gift, temple_fountains, minmay_diced_spiral
D:8:      layout_loops_corners, kennysheep_mini_moat, kennysheep_orc_sif_temple,
          palyth_stone_intersect

Skill      XL: |  1  2  3  4  5  6  7  8 |
---------------+-------------------------+-----
Axes           | 4 5 6 7 8 10 | 10.2
Fighting       | 4 5 6 |  6.8
Dodging        | 3 4 |  4.5
Armour         | 3 5 6 |  6.4

Action                   |  1- 3 |  4- 6 |  7- 9 || total
-------------------------+-------+-------+-------++-------
Melee: Hand axe          |    51 |    52 |    61 ||   164
       Headbutt          |     5 |     6 |     9 ||    20
       War axe           |     9 |    23 |       ||    32
       Punch             |       |       |     1 ||     1
Invok: Berserk           |     1 |     3 |     3 ||     7
       Trog's Hand       |     1 |     2 |     2 ||     5
  Use: Potion            |       |       |     1 ||     1
 Stab: Sleeping          |     2 |       |       ||     2
Armor: Animal skin       |    12 |       |       ||    12
       Leather armour    |     4 |     6 |       ||    10
       Chain mail        |       |    16 |    12 ||    28
Dodge: Dodged            |    46 |    40 |    29 ||   115

Table legend: (Time is in decaauts)
 A = Elapsed time spent in this place.
 B = Non-inter-level travel time spent in this place.
 C = Inter-level travel time spent in this place.
 D = Time resting spent in this place.
 E = Time spent auto-exploring this place.
 F = Levels seen in this place.
 G = Mean time per level.
                   A        B        C        D        E       F      G
               +--------+--------+--------+--------+--------+-----+--------+
         Total |   4374 |   4293 |     81 |    562 |   2975 |   7 |  624.9 |
       Dungeon |   4374 |   4293 |     81 |    562 |   2975 |   7 |  624.9 |
               +--------+--------+--------+--------+--------+-----+--------+

Top non-repeatable levels by time:
     D:1: 989 daAuts
     D:3: 898 daAuts
     D:2: 834 daAuts
     D:4: 780 daAuts
     D:8: 635 daAuts
     D:7: 119 daAuts
     D:5: 117 daAuts
